 Dungeon Crawl Stone Soup version 0.30.1-6-gbe392663c4 (webtiles) character file.

Game seed: 4280784464007559504

49077 wingedge the Protected (level 13, -2/107 HPs)
             Began as a Demigod Earth Elementalist on Sept 21, 2023.
             Slain by an eight-headed hydra (5 damage)
             ... on level 5 of the Lair of Beasts.
             The game lasted 00:57:13 (27119 turns).

wingedge the Protected (DgEE)                      Turns: 27119, Time: 00:57:14

Health: -2/107     AC: 18    Str: 17    XL:     13   Next: 79%
Magic:  3/24       EV:  9    Int: 25    God:
Gold:   1187       SH: 12    Dex: 20    Spells: 18/22 levels left

rFire   . . .        a - +9 broad axe (heavy)
rCold   . . .        v - +0 kite shield "Pymimewn" {Dex+3 SInv Stlth+}
rNeg    . . .        n - +1 scale mail {Will+}
rPois   +            (no helmet)
rElec   .            K - +2 cloak {rPois}
rCorr   .            m - +1 pair of gloves {Dex+3}
SInv    +            q - +2 pair of boots
Will    ++...        (no amulet)
Stlth   +++          (no ring)
HPRegen 0.37/turn    (no ring)
MPRegen 0.19/turn

%: no passive effects
@: no status effects
A: high MP 1, forlorn, divine attributes
a: no special abilities


You were on level 5 of the Lair of Beasts.
You visited 2 branches of the dungeon, and saw 15 of its levels.
You also visited: Bailey.

You collected 1277 gold pieces.
You spent 90 gold pieces at shops.

Inventory:

Hand Weapons
 a - a +9 heavy broad axe (weapon)
 b - a +3 whip of venom
Missiles
 d - 34 poisoned darts
 e - 5 throwing nets
 f - a curare-tipped dart
 L - 8 javelins
Armour
 m - a +1 pair of gloves of dexterity (worn)
 n - a +1 scale mail of willpower (worn)
 q - a +2 pair of boots (worn)
 v - the +0 kite shield "Pymimewn" (worn) {Dex+3 SInv Stlth+}
   (You acquired it in a bailey)

   Dex:       It affects your dexterity (+3).
   SInv:      It lets you see invisible.
   Stlth:     It makes you more stealthy.
 y - a +3 leather armour of cold resistance
 K - a +2 cloak of poison resistance (worn)
Jewellery
 p - a ring of poison resistance
Wands
 w - a wand of mindburst (10)
 A - a wand of digging (12)
 M - a wand of roots (8)
 N - a wand of light (5)
Scrolls
 g - 3 scrolls of immolation
 r - a scroll of teleportation
 t - 3 scrolls of amnesia
Potions
 c - a potion of invisibility {unknown}
 i - 7 potions of flight
 k - 4 potions of mutation
 l - a potion of berserk rage {unknown}
 u - a potion of ambrosia {unknown}
 B - 2 potions of cancellation
 D - a potion of might {unknown}
 O - a potion of brilliance {unknown}
Miscellaneous
 J - a box of beasts


   Skills:
 - Level 8.0 Fighting
 * Level 9.1 Axes
 + Level 9.7 Armour
 - Level 2.0 Dodging
 + Level 6.5 Stealth
 + Level 9.5 Shields
 - Level 5.2 Spellcasting
 + Level 8.8 Conjurations
 - Level 0.8 Transmutations
 + Level 8.9 Earth Magic


You had 18 spell levels left.
You knew the following spells:

 Your Spells              Type           Power      Damage    Failure   Level
a - Sandblast             Erth           100%       2d20      1%          1
b - Stone Arrow           Conj/Erth      100%       3d13      3%          3

Your spell library contained the following spells:

 Spells                   Type           Power      Damage    Failure   Level
 Passwall                 Tmut/Erth      25%        N/A       10%         2
 Petrify                  Tmut/Erth      30%        N/A       52%         4
 Anguish                  Hex/Necr       3%         N/A       99%         4
 Cause Fear               Hex            3%         N/A       99%         4
 Enfeeble                 Hex            3%         N/A       100%        7


Dungeon Overview and Level Annotations

Branches:
Dungeon (10/15)            Temple (0/1) D:4            Lair (5/5) D:10
  Swamp (0/4) Lair:2        Snake (0/4) Lair:3        Slime (0/5) Lair:5
 Bailey (visited)
    Orc: D:9-12

Shops:
D:4 *


Innate Abilities, Weirdness & Mutations

You have an increased reservoir of magic. (+10% MP)
You shall have no god before yourself.
Your divine heritage dramatically boosts your attributes as you level up.


Message History

The six-headed hydra grows two more!
You hit the eight-headed hydra.
The eight-headed hydra is severely wounded.
The eight-headed hydra bites you but does no damage.
The eight-headed hydra barely misses you.
You block the eight-headed hydra's attack.
The eight-headed hydra bites you! The eight-headed hydra bites you.
You block the eight-headed hydra's attack.
The eight-headed hydra bites you!
The eight-headed hydra bites you but does no damage.
The eight-headed hydra misses you.
You block the eight-headed hydra's attack.
The eight-headed hydra bites you but does no damage. x2
The eight-headed hydra bites you!
* * * LOW HITPOINT WARNING * * *
The eight-headed hydra bites you!
* * * LOW HITPOINT WARNING * * *
The eight-headed hydra bites you!
* * * LOW HITPOINT WARNING * * *
The eight-headed hydra barely misses you.
Okay, then.
You feel better. The eight-headed hydra bites you!
* * * LOW HITPOINT WARNING * * *
You block the eight-headed hydra's attack. x2
The eight-headed hydra bites you.
* * * LOW HITPOINT WARNING * * *
The eight-headed hydra barely misses you.
The eight-headed hydra bites you.
* * * LOW HITPOINT WARNING * * *
The eight-headed hydra bites you.
* * * LOW HITPOINT WARNING * * *
You block the eight-headed hydra's attack.
Your magical contamination has completely faded away.
As you read the scroll labelled GASEIN UPANU, it crumbles to dust.
You feel aware of your surroundings.
You sensed 1 altar.
It was a scroll of magic mapping.
The eight-headed hydra barely misses you.
You block the eight-headed hydra's attack.
The eight-headed hydra bites you but does no damage. x2
The eight-headed hydra bites you.
You die...

* **,**,,,,,**,****,,,**
* ****,,,......**,,,,** *
****,,,,.....***,,,,*
****,,**,,,,....**,,(.##
~,~,,,,,,,*,#...,**....#
~,,~,,,,,**##...**#...##
~~~~,,,,,,##....###....#
~~~,,,,,,,#.#...D?#....#
~~~~,,,,,,*#....@.....##
~~~~,,,,,**#..........P#
~~~~,,,,,**#...........#
~~~~,,,,,,*#..).......##
~~~~,,,,,*,##..........#
~~~,~,,,,**#....##[....#
~~~~,,,,,**#....#......#
,~~,~,,,,,*#.?...#.....#
~~~~*.....*#....###....##


You could see an eight-headed hydra.

Vanquished Creatures
  8 hydras
  A catoblepas (Lair:3)
  Harold (Lair:1)
  A two-headed ogre (D:9)
  A death yak (Lair:4)
  Urug (Lair:1)
  A goliath frog (Lair:5)
  Amaemon (D:9)
  3 skysharks
  An orc knight (Bailey)
  2 orc sorcerers (Bailey)
  A deep elf pyromancer (D:10)
  2 black mambas (Lair:3)
  10 elephants
  Joseph (Lair:1)
  18 cane toads
  A torpor snail (Lair:3)
  An orange demon (D:9)
  10 komodo dragons
  2 rime drakes
  2 ice devils (Lair:3)
  2 polar bears
  A troll (D:9)
  2 tyrant leeches
  2 hornets
  21 blink frogs
  13 dream sheep
  A vampire (D:10)
  Sigmund (D:3)
  A wraith (D:10)
  35 yaks
  2 unseen horror simulacra (D:9)
  4 wyverns
  4 basilisks
  3 vampire mosquitoes
  5 steam dragons
  A swamp worm (Lair:2)
  An acid dragon (D:8)
  10 water moccasins
  2 nagas (Lair:3)
  Duvessa (D:5)
  3 black bears
  14 orc warriors
  3 ice beasts
  2 ogres (D:7)
  8 wolves
  A centaur (D:7)
  2 kobold brigands
  Blork the orc (D:4)
  21 bullfrogs
  A gnoll sergeant (D:8)
  4 scorpions
  10 wights
  Dowan (D:5)
  7 killer bees
  3 howler monkeys (D:9)
  7 electric eels
  2 jellies (D:6)
  4 orc priests
  Crazy Yiuf (D:6)
  4 iguanas
  A gnoll bouda (D:4)
  3 sleepcaps
  3 orc wizards
  24 gnolls
  8 adders
  3 white imps (D:9)
  An ufetubus (D:4)
  3 worms
  A dart slug (D:1)
  33 orcs
  3 bats (D:1)
  7 endoplasms
  4 giant cockroaches
  16 goblins
  13 hobgoblins
  4 jackals (D:3)
  6 quokkas
  4 ball pythons
  3 frilled lizards
  13 kobolds
  7 rats
440 creatures vanquished.

Vanquished Creatures (others)
  An ufetubus (D:5)
1 creature vanquished.

Grand Total: 441 creatures vanquished

Notes
Turn   | Place    | Note
-------+----------+-------------------------------------------
     0 | D:1      | wingedge the Demigod Earth Elementalist began the quest for
                  | the Orb.
     0 | D:1      | Reached XP level 1. HP: 14/14 MP: 5/5
   339 | D:1      | Reached XP level 2. HP: 20/20 MP: 5/7
  1022 | D:2      | Reached skill level 1 in Conjurations
  1062 | D:2      | Reached XP level 3. HP: 27/27 MP: 6/8
  1066 | D:2      | Learned a level 3 spell: Stone Arrow
  2207 | D:3      | Noticed Sigmund
  2628 | D:3      | Reached XP level 4. HP: 34/34 MP: 5/10
  2741 | D:3      | Reached skill level 1 in Fighting
  3405 | D:4      | Found a staircase to the Ecumenical Temple.
  3415 | D:4      | Noticed Blork the orc
  3449 | D:4      | Reached XP level 5. HP: 40/40 MP: 7/12
  3490 | D:4      | Killed Blork the orc
  3491 | D:4      | Reached skill level 1 in Armour
  4196 | D:4      | Found Hink's Lightly-Used Armoury.
  4428 | D:3      | Killed Sigmund
  4429 | D:3      | Reached XP level 6. HP: 37/48 MP: 3/13
  4622 | D:5      | Entered Level 5 of the Dungeon
  5059 | D:5      | Reached XP level 7. HP: 55/55 MP: 7/14
  5158 | D:5      | Noticed Duvessa
  5158 | D:5      | Noticed Dowan
  5162 | D:5      | Killed Duvessa
  5171 | D:5      | Reached skill level 5 in Earth Magic
  5171 | D:5      | Killed Dowan
  5300 | D:5      | You fall into a shaft and drop 2 floors!
  5873 | D:7      | Reached XP level 8. HP: 62/62 MP: 6/16
  6288 | D:5      | Reached skill level 1 in Shields
  6567 | D:6      | Reached skill level 5 in Conjurations
  7638 | D:6      | Reached XP level 9. HP: 71/71 MP: 11/18
  8157 | D:6      | Found a runed translucent door.
  8158 | D:6      | Noticed Crazy Yiuf
  8165 | D:6      | Killed Crazy Yiuf
  8776 | D:7      | Reached skill level 5 in Armour
 10625 | D:9      | Noticed an orange demon
 10628 | D:9      | Noticed Amaemon
 10883 | D:9      | Noticed a two-headed ogre
 10887 | D:9      | Killed a two-headed ogre
 10888 | D:9      | Reached XP level 10. HP: 70/78 MP: 6/19
 11083 | D:9      | Killed Amaemon
 12494 | D:9      | Reached skill level 5 in Stealth
 12573 | D:10     | Entered Level 10 of the Dungeon
 12607 | D:10     | Noticed a deep elf pyromancer
 12620 | D:10     | Killed a deep elf pyromancer
 12621 | D:10     | Reached skill level 5 in Shields
 12730 | D:10     | Found a flagged portal.
 12744 | Bailey   | Entered a bailey
 13448 | Bailey   | Noticed an orc sorcerer
 13482 | Bailey   | Killed an orc sorcerer
 13907 | Bailey   | Noticed an orc knight
 13913 | Bailey   | Killed an orc knight
 14041 | Bailey   | Acquired a +2 pair of gloves of stealth
 14049 | Bailey   | Acquired the +0 kite shield "Pymimewn" {Dex+3 SInv Stlth+}
 14081 | Bailey   | Noticed an orc sorcerer
 14122 | Bailey   | Killed an orc sorcerer
 14123 | Bailey   | Reached XP level 11. HP: 42/85 MP: 0/20
 14834 | D:10     | Found Zin's Purification Station.
 14840 | D:10     | Bought a potion of curing for 90 gold pieces
 15165 | D:10     | Reached skill level 5 in Fighting
 15727 | D:10     | Found a staircase to the Lair.
 16151 | Lair:1   | Entered Level 1 of the Lair of Beasts
 16225 | Lair:1   | Reached skill level 1 in Axes
 16390 | Lair:1   | Noticed Urug
 16429 | Lair:1   | Killed Urug
 16535 | Lair:1   | Noticed Harold
 16694 | Lair:1   | Noticed Joseph
 16701 | Lair:1   | Killed Joseph
 17770 | Lair:1   | Killed Harold
 18219 | Lair:2   | Noticed a five-headed hydra
 18349 | Lair:2   | Noticed a five-headed hydra
 18355 | Lair:2   | Killed a five-headed hydra
 18522 | Lair:2   | Acquired a +0 pair of gloves of dexterity
 18595 | Lair:2   | Killed a six-headed hydra
 19074 | Lair:2   | Found a staircase to the Swamp.
 19210 | Lair:3   | Found a staircase to the Snake Pit.
 19431 | Lair:3   | Reached skill level 5 in Axes
 19716 | Lair:3   | Noticed a six-headed hydra
 19723 | Lair:3   | Reached XP level 12. HP: 77/96 MP: 9/21
 19860 | Lair:3   | Killed a six-headed hydra
 19874 | Lair:3   | Found a frozen archway.
 20599 | Lair:3   | Noticed a catoblepas
 20681 | Lair:3   | Killed a catoblepas
 21981 | Lair:3   | Noticed an eight-headed hydra
 21987 | Lair:3   | Killed an eight-headed hydra
 22199 | Lair:4   | Noticed a seven-headed hydra
 22206 | Lair:4   | Killed a seven-headed hydra
 22559 | Lair:4   | Noticed a four-headed hydra
 22843 | Lair:4   | Noticed a six-headed hydra
 22851 | Lair:4   | Killed a six-headed hydra
 23006 | Lair:4   | Reached XP level 13. HP: 85/105 MP: 3/23
 24646 | Lair:5   | Entered Level 5 of the Lair of Beasts
 25658 | Lair:5   | Reached skill level 5 in Spellcasting
 27118 | Lair:5   | HP: 3/107 [eight-headed hydra (5)]
 27119 | Lair:5   | Slain by an eight-headed hydra

Illustrated notes

Levels and vault maps discovered:
D:1:      onia_arrival_mini_spirals, layout_basic,
          ebering_ecumenical_altar_abandoned
D:2:      layout_basic, basic_altar, grunt_ministairs_12
D:3:      layout_loops_corners, uniq_sigmund
D:4:      layout_basic, temple_fountains, minmay_shop_damaged,
          uniq_blork_the_orc
D:5:      layout_rooms, uniq_duvessa
D:6:      layout_loops_cross, uniq_crazy_yiuf_cottage
D:7:      layout_loops_corners, mainiacjoe_overflow_small_starburst
D:8:      layout_gridville, nicolae_grassy_gnolls
D:9:      layout_loops_cross, mainiacjoe_overflow_chevrons, serial_ice,
          serial_ice_d, serial_ice_k, serial_ice_a, serial_ice_h, serial_ice_m,
          serial_ice_e, grunt_ministairs_6,
          hangedman_abyss_or_decor_lesser_grid, uniq_amaemon
D:10:     layout_grid_maze, zin_purify, david_lair_generic, enter_bailey_3,
          minmay_misc_feat_enclosed
Lair:1:   layout_roguey, chequers_serial_rivers_small_3, serial_bayou_crossing,
          uniq_joseph, uniq_urug, uniq_harold
Lair:2:   layout_regular_city, palyth_hydra_swamp_entry
Lair:3:   layout_regular_city, guppyfry_snake_entry_island,
          portal_ice_cave_demonic_guard, pdpol_lair_cavern_descent,
          serial_bayou_shore_b
Lair:4:   layout_regular_city, chequers_serial_rivers_micro_d,
          beast_lair_carwin_7, infiniplex_staircase_pool_2
Lair:5:   minmay_lair_end_frog_pond, layout_cellular_growth, slime_entry_1

Skill      XL: |  1  2  3  4  5  6  7  8  9 10 11 12 13 |
---------------+----------------------------------------+-----
Spellcasting   | 2 3 4 5 |  5.2
Stealth        | 2 4 5 6 |  6.5
Dodging        | 2 |  2.0
Conjurations   | 1 2 3 4 6 7 8 |  8.8
Earth Magic    | 3 4 5 6 7 8 |  8.9
Fighting       | 1 2 4 6 7 8 |  8.0
Armour         | 1 2 4 6 8 9 |  9.7
Shields        | 2 4 5 7 8 9 |  9.5
Axes           | 5 7 9 |  9.1
Transmutations | |  0.8

Action                     |  1- 3 |  4- 6 |  7- 9 | 10-12 | 13-15 || total
---------------------------+-------+-------+-------+-------+-------++-------
  Melee: Whip              |       |     6 |    18 |    14 |       ||    38
         Broad axe         |       |       |       |   160 |    97 ||   257
   Cast: Sandblast         |    73 |    89 |    13 |       |       ||   175
         Stone Arrow       |       |    10 |   137 |   374 |   122 ||   643
  Evoke: Wand              |       |       |       |     4 |       ||     4
         Box of beasts     |       |       |       |     1 |       ||     1
    Use: Scroll            |       |       |     5 |    30 |     5 ||    40
         Potion            |       |       |     1 |     7 |     6 ||    14
 Armour: Robe              |     2 |    14 |     2 |       |       ||    18
         Steam dragon scal |       |       |     1 |       |       ||     1
         Scale mail        |       |       |    22 |   138 |   165 ||   325
         Leather armour    |       |       |       |    65 |       ||    65
  Dodge: Dodged            |    10 |    29 |    28 |   154 |   116 ||   337
  Block: Buckler           |       |       |    20 |    28 |       ||    48
         Kite shield       |       |       |       |   179 |   184 ||   363
